 Dungeon Crawl Stone Soup version 0.32-a0-411-g744942f433 (webtiles) character file.

Game seed: 8234106568856616764

12210 Iich the Cleaver (level 11, -4/87 HPs)
             Began as a Demonspawn Fighter on Feb 20, 2024.
             Was an Elder of Cheibriados.
             Shot with an arrow by a centaur warrior (10 damage)
             ... on level 11 of the Dungeon.
             The game lasted 00:21:18 (13156 turns).

Iich the Cleaver (Demonspawn Fighter)              Turns: 13156, Time: 00:21:19

Health: -4/87      AC: 12    Str: 31    XL:     11   Next: 59%
Magic:  17/17      EV: 18    Int: 19    God:    Cheibriados [****..]
Gold:   379        SH:  5    Dex: 20    Spells: 10/10 levels left

rFire   . . .        a - +2 war axe (flame)
rCold   . . .        c - +0 buckler
rNeg    . . .        E - +1 chain mail {Will+}
rPois   .            (helmet currently unavailable)
rElec   .            (cloak currently unavailable)
rCorr   .            f - melded +2 pair of gloves
SInv    +            (boots currently unavailable)
Will    +....        o - amulet of magic regeneration Stlth
                     C - ring of see invisible
HPRegen 0.34/turn    K - ring of flight
MPRegen 0.55/turn

%: no passive effects
@: agile, beast-form, flying, very slow
A: beast (slay +2), molten scales 2, ignite blood 2, powered by pain 2, demonic
touch 1, horns 1, clumsy 1
a: Begin Untransformation, Renounce Religion, Bend Time, Temporal Distortion,
Slouch


You were on level 11 of the Dungeon.
You worshipped Cheibriados.
Cheibriados was greatly pleased with you.
You were a hulking beast.
You visited 2 branches of the dungeon, and saw 12 of its levels.

You collected 832 gold pieces.
You spent 453 gold pieces at shops.

Inventory:

Hand Weapons
 a - a +2 war axe of flaming (weapon)
 D - a +1 war axe of pain
Armour
 b - a +0 plate armour
 c - a +0 buckler (worn)
 f - a +2 pair of gloves (melded)
 w - a +0 kite shield
 y - a +2 chain mail of cold resistance
 E - a +1 chain mail of willpower (worn)
Jewellery
 o - an amulet of magic regeneration (around neck)
 s - a ring of magical power
 C - a ring of see invisible (left hand)
 K - a ring of flight (right hand)
 L - a ring of ice
 W - a ring of wizardry
Talismans
 G - a beast talisman (active)
 J - a dragon-blood talisman
Wands
 d - a wand of acid (3)
 H - a wand of polymorph (5)
 I - a wand of charming (19)
Scrolls
 e - 2 scrolls of amnesia
 g - 4 scrolls of fear
 i - 2 scrolls of blinking {unknown}
 j - a scroll of fog
 k - 2 scrolls of vulnerability
 p - 2 scrolls of revelation
 t - 5 scrolls of teleportation
 z - 3 scrolls of enchant armour
 A - 2 scrolls of enchant weapon
 B - a scroll of silence
 F - a scroll of noise
Potions
 h - a potion of haste
 l - 3 potions of heal wounds
 m - a potion of mutation
 n - a potion of invisibility {unknown}
 q - 4 potions of curing
 r - a potion of cancellation
 u - 2 potions of brilliance
 v - 2 potions of enlightenment
 x - 2 potions of lignification


   Skills:
 + Level 8.7 Fighting
 * Level 10.8 Axes
 - Level 2.6 Armour
 + Level 7.4 Dodging
 - Level 2.6 Shields
 + Level 8.9 Invocations
 + Level 4.9 Shapeshifting


You had 10 spell levels left.
You didn't know any spells.
Your spell library contained the following spells:

 Spells                   Type           Power      Damage    Failure   Level
 Ensorcelled Hibernation  Hex/Ice        0%         N/A       82%         2
 Passwall                 Erth           0%         N/A       96%         3
 Swiftness                Air            0%         N/A       96%         3
 Tukima's Dance           Hex            0%         N/A       96%         3
 Dimensional Bullseye     Hex/Tloc       0%         N/A       100%        4
 Iskenderun's Mystic Bla  Conj/Tloc      0%         2d3       100%        4
 Summon Forest            Summ/Tloc      0%         N/A       100%        5
 Eringya's Noxious Bog    Alch           0%         4d6       100%        6
 Sculpt Simulacrum        Ice/Alch       0%         N/A       100%        6
 Ozocubu's Refrigeration  Ice            0%         4d7       100%        7
 Summon Hydra             Summ           0%         N/A       100%        7
 Polar Vortex             Ice            0%         N/A       100%        9


Dungeon Overview and Level Annotations

Branches:
Dungeon (11/15)            Temple (1/1) D:4            Lair (0/5) D:11
    Orc: D:9-12

Altars:
Ashenzari
Cheibriados
Dithmenos
Fedhas
Gozag
Hepliaklqana
Kikubaaqudgha
Makhleb
Nemelex Xobeh
Okawaru
Qazlal
Ru
Sif Muna
Trog
Uskayaw
Vehumet
Wu Jian
Xom
Yredelemnul

Shops:
D:3 *   D:5 ?   D:6 ?

Annotations:
Temple 2 transporters


Innate Abilities, Weirdness & Mutations

You are a hulking beast.
Your limbs bulge with bestial killing power. (Slay +2)
You are mostly covered in molten scales. (AC +3)
Your demonic aura often causes spilled blood to erupt in flames.
You sometimes gain power by taking damage.
Your touch may inflict minor irresistible damage on your foes.
You have a pair of small horns on your head.
You are clumsy. (Dex -2)


Message History

You kill the troll!
Cheibriados appreciates the change of pace.
You hit the white ugly thing. You burn the white ugly thing.
Your headbutt misses the white ugly thing.
The white ugly thing is lightly wounded.
The white ugly thing bites you but does no damage.
You slash the white ugly thing! You burn the white ugly thing.
The white ugly thing is moderately wounded.
The white ugly thing is engulfed in blazing flames.
The white ugly thing bites you!
* * * LOW HITPOINT WARNING * * *
The white ugly thing freezes you!!
* * * LOW HITPOINT WARNING * * *
You focus on the pain.
You feel agile all of a sudden.
You take 41 damage, and have 25/87 hp. !!!!--MASSIVE DAMAGE--!!!!
You slice the white ugly thing!! You burn the white ugly thing!
You kill the white ugly thing!
Cheibriados appreciates the change of pace.
A centaur warrior comes into view.
The centaur warrior moves out of view.
A centaur warrior is nearby!
You regained 8 hp, and now have 33/87 hp.
You are too injured to fight recklessly!
You are too injured to fight recklessly!
A centaur warrior is nearby!
The centaur warrior shouts!
You hear a shout!
The centaur warrior unwields a +0 trident.
The centaur warrior wields a +0 orcbow.
The centaur warrior shoots an arrow.
The arrow hits you!
* * * LOW HITPOINT WARNING * * *
The centaur warrior shoots an arrow.
The arrow hits you!!
* * * LOW HITPOINT WARNING * * *
You take 29 damage, and have 4/87 hp. !!!!--MASSIVE DAMAGE--!!!!
Things that are here:
a +0 dagger; a +0 robe; an orc corpse The centaur warrior shoots an arrow.
The arrow barely misses you.
The centaur warrior shoots an arrow.
The arrow hits you!
You die...
Cheibriados appreciates the motionlessness of death.

#....... .. .....
#....... .c #....
#†...... ######'
#...#####....... .......
#...#........... .......
#?..#..........< .......
#...#...........
#..†#####...#.#.#.#.....
#.$†c).h....#.#.#.#.....
#...°.......'...........
#...........###.#.#.....
############# ..>..<....
#.##.### .. .#


You could see a centaur warrior.

Vanquished Creatures
  Fannar (D:10)
  A boulder beetle (D:11)
  2 two-headed ogres
  The ghost of pokeman the Thaumaturge, a novice DEHW of Vehumet (D:8)
  Lodul (D:10)
  An ugly thing (D:11)
  2 manticores
  Joseph (D:10)
  A gargoyle (D:8)
  Maggie (D:10)
  A troll (D:11)
  3 shadows
  8 yaks
  A wyvern (D:7)
  A steam dragon (D:7)
  A vampire mosquito (D:11)
  An acid dragon (D:8)
  3 water moccasins
  A black bear (shapeshifter) (D:11)
  2 orc warriors (D:10)
  A centaur (D:9)
  7 ogres (D:10)
  2 phantoms
  3 kobold brigands
  7 bullfrogs
  5 scorpions
  4 wights (D:8)
  9 killer bees
  3 jellies
  2 bombardier beetles
  3 hounds
  6 orc priests
  A sleepcap (D:4)
  2 gnoll boudas (D:7)
  4 iguanas
  11 orc wizards
  9 adders
  9 gnolls
  A shadow imp (D:6)
  4 white imps
  3 dart slugs
  3 ribbon worms (D:4)
  48 orcs
  13 endoplasms
  3 giant cockroaches
  6 goblins
  5 hobgoblins
  3 jackals
  7 quokkas
  11 ball pythons
  3 bats
  A frilled lizard (D:2)
  23 kobolds
  29 rats
  A spectral weapon (D:10)
286 creatures vanquished.

Notes
Turn   | Place    | Note
-------+----------+-------------------------------------------
     0 | D:1      | Iich the Demonspawn Fighter began the quest for the Orb.
     0 | D:1      | Reached XP level 1. HP: 18/18 MP: 1/1
    78 | D:1      | Reached skill level 2 in Axes
   108 | D:1      | Gained mutation: Your demonic aura sometimes causes spilled
                  | blood to erupt in flames. [demonic ancestry]
   108 | D:1      | Reached XP level 2. HP: 24/24 MP: 2/2
   256 | D:1      | Reached skill level 1 in Dodging
   402 | D:1      | Gained mutation: You are partially covered in molten
                  | scales. (AC +2) [demonic ancestry]
   402 | D:1      | Reached XP level 3. HP: 29/29 MP: 3/3
   689 | D:1      | Reached skill level 3 in Axes
   889 | D:2      | Gained mutation: You sometimes gain a little power by
                  | taking damage. [demonic ancestry]
   889 | D:2      | Reached XP level 4. HP: 35/35 MP: 4/4
  1228 | D:2      | Gained mutation: Your demonic aura often causes spilled
                  | blood to erupt in flames. [demonic ancestry]
  1228 | D:2      | Reached XP level 5. HP: 42/42 MP: 5/5
  1593 | D:3      | Found a broken altar of Ashenzari.
  1707 | D:3      | Found Roruex's Assorted Antiques.
  1710 | D:3      | Bought a smoky dark potion for 23 gold pieces
  1710 | D:3      | Bought a scroll of identify for 52 gold pieces
  2669 | D:3      | Reached skill level 4 in Axes
  3075 | D:4      | Reached XP level 6. HP: 45/48 MP: 6/6
  3998 | D:4      | Gained mutation: You have a pair of small horns on your
                  | head. [potion of mutation]
  3998 | D:4      | Gained mutation: You are clumsy. (Dex -2) [potion of
                  | mutation]
  4410 | D:4      | Found a staircase to the Ecumenical Temple.
  4475 | Temple   | Found a transporter.
  4475 | Temple   | Found a transporter.
  4475 | Temple   | Found a transporter.
  4475 | Temple   | Found a transporter.
  4475 | Temple   | Entered the Ecumenical Temple
  4500 | Temple   | Became a worshipper of Cheibriados the Contemplative
  4899 | D:5      | Entered Level 5 of the Dungeon
  4920 | D:5      | Reached skill level 5 in Axes
  4926 | D:5      | Gained mutation: Your touch may inflict minor irresistible
                  | damage on your foes. [demonic ancestry]
  4926 | D:5      | Reached XP level 7. HP: 53/55 MP: 7/7
  5279 | D:5      | Reached skill level 5 in Fighting
  5348 | D:5      | Reached * piety under Cheibriados
  5374 | D:5      | Found Alac's Magic Scroll Boutique.
  5383 | D:5      | Bought a scroll of enchant armour for 105 gold pieces
  5676 | D:5      | Reached skill level 1 in Invocations
  5988 | D:5      | Bought a scroll of enchant armour for 105 gold pieces
  5988 | D:5      | Bought a scroll of teleportation for 42 gold pieces
  6147 | D:6      | Found Ritise's Magic Scroll Emporium.
  6158 | D:6      | Bought a scroll of identify for 22 gold pieces
  6158 | D:6      | Bought a scroll of identify for 22 gold pieces
  6173 | D:6      | Reached skill level 6 in Axes
  6191 | D:6      | Reached XP level 8. HP: 63/63 MP: 9/9
  6509 | D:6      | Reached ** piety under Cheibriados
  6811 | D:6      | Found a radiant altar of Vehumet.
  6811 | D:6      | Found an ancient bone altar of Kikubaaqudgha.
  7102 | D:7      | Reached skill level 7 in Axes
  7538 | D:7      | Reached skill level 1 in Shapeshifting
  7712 | D:6      | Bought a scroll of enchant armour for 82 gold pieces
  7921 | D:7      | Reached XP level 9. HP: 69/69 MP: 12/12
  7941 | D:7      | Reached *** piety under Cheibriados
  8170 | D:7      | Reached skill level 5 in Dodging
  8609 | D:8      | Identified the +1 flail "Nazitsyt" {freeze, rF+ Int+4}
  8633 | D:8      | Found a runed translucent door.
  8634 | D:8      | Noticed pokeman's ghost (novice DEHW)
  8667 | D:8      | Reached skill level 5 in Invocations
  9048 | D:8      | Reached skill level 8 in Axes
  9143 | D:8      | Reached **** piety under Cheibriados
  9375 | D:8      | Noticed a gargoyle
  9386 | D:8      | Killed a gargoyle
  9634 | D:8      | Gained mutation: You are mostly covered in molten scales.
                  | (AC +3) [demonic ancestry]
  9634 | D:8      | Reached XP level 10. HP: 79/79 MP: 14/14
  9848 | D:8      | Killed pokeman's ghost
  9902 | D:9      | Reached skill level 9 in Axes
 10305 | D:9      | Noticed a cyclops
 10388 | D:9      | Noticed a two-headed ogre
 10395 | D:9      | Killed a two-headed ogre
 10595 | D:9      | Reached ***** piety under Cheibriados
 11266 | D:10     | Entered Level 10 of the Dungeon
 11703 | D:10     | Noticed Maggie
 11709 | D:10     | Killed Maggie
 11832 | D:10     | Noticed Lodul
 11847 | D:10     | Killed Lodul
 11848 | D:10     | Reached skill level 10 in Axes
 11848 | D:10     | Gained mutation: You sometimes gain power by taking damage.
                  | [demonic ancestry]
 11848 | D:10     | Reached XP level 11. HP: 27/86 MP: 6/17
 12031 | D:10     | Noticed Joseph
 12038 | D:10     | Killed Joseph
 12239 | D:10     | Noticed Fannar
 12250 | D:10     | Killed Fannar
 12772 | D:11     | Noticed a two-headed ogre
 12775 | D:11     | Killed a two-headed ogre
 12890 | D:11     | a yaktaur changed into a harpy
 12890 | D:11     | Noticed a harpy (shapeshifter)
 12893 | D:11     | a harpy changed into a black bear
 12968 | D:11     | Noticed a boulder beetle
 12981 | D:11     | Killed a boulder beetle
 13091 | D:11     | Found a staircase to the Lair.
 13112 | D:11     | Noticed a white ugly thing
 13131 | D:11     | Killed a white ugly thing
 13131 | D:11     | Noticed a centaur warrior
 13153 | D:11     | HP: 4/87 [centaur warrior/arrow (18)]
 13156 | D:11     | Shot with an arrow by a centaur warrior

Illustrated notes

Levels and vault maps discovered:
D:1:      dpeg_arrival_connections, layout_loops_ring, minmay_rat_gold_closets
D:2:      layout_rooms, serial_corexii_hall, corexii_hall_statues_x,
          corexii_hall_statues_l, corexii_hall_statues_x,
          corexii_hall_statues_l, minmay_rat_hole
D:3:      layout_basic, mainiacjoe_overflow_small_starburst, serial_shops,
          nicolae_shop_window_shopping, nrook_mini_backslash,
          minmay_misc_feat_tiny, minmay_misc_feat_alley
D:4:      minmay_razor_zed, layout_layer_cave, minmay_temple_entry_fiery
D:5:      layout_gridville, minmay_gold_behind_fungi, nicolae_stop_n_shop_2
D:6:      layout_basic, gammafunk_temple_overflow_pools, serial_shops, shop
D:7:      layout_loops_corners
D:8:      layout_basic, gammafunk_ghost_grave
D:9:      layout_grid_maze, onia_ninara_dug_in_and_dangerous
D:10:     layout_basic, serial_library_hellmonk_angled_corner, uniq_fannar,
          uniq_lodul, uniq_joseph, uniq_maggie
D:11:     kennysheep_blocky_room, layout_rooms, serial_park_tiny_pond
Temple:   hellmonk_temple_divided_pantheon

Skill      XL: |  1  2  3  4  5  6  7  8  9 10 11 |
---------------+----------------------------------+-----
Axes           | 2 3 4 5 6 7 8 10 | 10.8
Dodging        | 1 2 3 4 5 6 7 |  7.4
Fighting       | 4 5 6 7 8 |  8.7
Invocations    | 2 4 6 8 |  8.9
Shapeshifting  | 1 2 4 |  4.9
Armour         | |  2.6
Shields        | |  2.6

Action                     |  1- 3 |  4- 6 |  7- 9 | 10-12 || total
---------------------------+-------+-------+-------+-------++-------
  Melee: War axe           |    91 |   244 |   256 |   122 ||   713
         Headbutt          |       |     6 |    57 |    31 ||    94
 Invoke: Slouch            |       |       |       |     3 ||     3
  Evoke: Wand              |       |       |       |     1 ||     1
    Use: Scroll            |       |     7 |     9 |     1 ||    17
         Potion            |       |     3 |     5 |     6 ||    14
   Stab: Betrayed ally     |       |       |       |     1 ||     1
 Armour: Scale mail        |    54 |   191 |       |       ||   245
         Chain mail        |       |       |   235 |   114 ||   349
  Dodge: Dodged            |    38 |   104 |   123 |    87 ||   352
  Block: Buckler           |    16 |    50 |    67 |    32 ||   165
   Form: Beast             |       |       |     1 |       ||     1

Table legend: (Time is in decaauts)
 A = Elapsed time spent in this place.
 B = Non-inter-level travel time spent in this place.
 C = Inter-level travel time spent in this place.
 D = Time resting spent in this place.
 E = Time spent auto-exploring this place.
 F = Levels seen in this place.
 G = Mean time per level.
                   A        B        C        D        E       F      G
               +--------+--------+--------+--------+--------+-----+--------+
         Total |  16399 |  15200 |   1199 |    488 |  12732 |  12 | 1366.6 |
       Dungeon |  16352 |  15154 |   1198 |    488 |  12732 |  11 | 1486.5 |
        Temple |     47 |     47 |      0 |      0 |      0 |   1 |   47.0 |
               +--------+--------+--------+--------+--------+-----+--------+

Top non-repeatable levels by time:
     D:9: 2221 daAuts
    D:10: 2106 daAuts
     D:7: 2087 daAuts
     D:4: 1975 daAuts
     D:8: 1778 daAuts
     D:3: 1442 daAuts
     D:6: 1329 daAuts
     D:5: 1325 daAuts
     D:1: 895 daAuts
     D:2: 756 daAuts
    D:11: 436 daAuts
  Temple: 47 daAuts
